 Dungeon Crawl Stone Soup version 0.18-a0-1643-gb89d9db (webtiles) character file.

338 Oddball22 the Insei (level 6, -11/50 HPs)
             Began as a Demonspawn Monk on Mar 28, 2016.
             Was an Initiate of Ru.
             Mangled by an ogre
             ... wielding a +0 giant club
              (21 damage)
             ... on level 4 of the Dungeon.
             The game lasted 00:13:34 (4246 turns).

Oddball22 the Insei (Demonspawn Monk)               Turns: 4246, Time: 00:13:34

Health: -11/50     AC:  6    Str: 12    XL:     6   Next: 29%
Magic:  6/6        EV: 19    Int: 11    God:    Ru [......]
Gold:   218        SH:  0    Dex: 24    Spells: 0 memorised, 5 levels left

rFire  + + .     SeeInvis .     j - +4 short sword
rCold  x . .     Gourm    .     a - +0 robe
rNeg   . . .     Faith    .     (no shield)
rPois  .         Spirit   .     (no helmet)
rElec  .         Dismiss  .     G - +0 cloak
rCorr  .         Reflect  .     (no gloves)
SustAt .         Harm     .     (no boots)
MR     .....                    D - amulet of regeneration
Stlth  ++++......               q - +3 ring of protection
                                F - ring of fire

@: agile, not resistant to hostile enchantments, stealthy
A: hooves 1, thin skeletal structure 1, fire resistance 1, powered by pain 1, no
device heal 1, flame cloud immunity
a: Renounce Religion


You were on level 4 of the Dungeon.
You worshipped Ru.
Ru was noncommittal.
You were not hungry.

You visited 1 branch of the dungeon, and saw 5 of its levels.

You collected 218 gold pieces.

Inventory:

Hand Weapons
 j - a +4 short sword (weapon)
 v - a +2 antimagic dagger
 x - a +6 dagger of holy wrath
 E - a +0 dagger of protection
Missiles
 g - 17 bolts
 A - 6 steel bolts
Armour
 a - a +0 robe (worn)
 G - a +0 cloak (worn)
Magical Staves
 y - an uncursed staff of earth {unknown}
Jewellery
 o - an uncursed ring of protection from fire
 q - a +3 ring of protection (right hand)
 D - an amulet of regeneration (around neck)
 F - a ring of fire (left hand)
Wands
 t - a wand of lightning (7/15)
Scrolls
 e - 2 scrolls of remove curse {unknown}
 h - 6 scrolls of identify
 k - 2 scrolls of recharging {unknown}
 m - 2 scrolls of enchant armour {unknown}
 n - a scroll of blinking {unknown}
 p - 3 scrolls of teleportation {unknown}
 w - a scroll of magic mapping {unknown}
 B - a scroll of random uselessness {unknown}
Potions
 d - a potion of flight
 r - a potion of haste
 u - a potion of cure mutation {unknown}
 C - 3 potions of curing
Books
 z - a book of Envenomations

   Spells                             Type                      Level
   a - Spider Form                    Transmutation/Poison         3
   b - Olgreb's Toxic Radiance        Poison                       4
   c - Alistair's Intoxication        Transmutation/Poison         5
   d - Poisonous Cloud                Conjuration/Poison/Air       6
Comestibles
 b - 5 bread rations
 c - 9 chunks of flesh
 f - 3 meat rations
 i - 2 beef jerkies
 l - 3 fruits
 s - 2 slices of pizza


   Skills:
 + Level 4.8 Fighting
 - Level 2.6 Dodging
 - Level 1.7 Stealth
 * Level 6.0 Unarmed Combat


You had 5 spell levels left.
You didn't know any spells.

Dungeon Overview and Level Annotations

Branches:
Dungeon (5/15)
 Temple: D:4-7

Altars:
Ru


Innate Abilities, Weirdness & Mutations

You have large cloven feet.
You have a somewhat thin skeletal structure (Dex +2, Stealth).
Your flesh is heat resistant.
You sometimes gain a little power by taking damage.
Potions and wands are less effective at restoring your health.
You are immune to clouds of flame.


Message History

You barely miss the ogre. Your kick misses the ogre. You punch the ogre.
The ogre is heavily wounded.
The ogre hits you with a giant club!!
You puncture the ogre! You kick the ogre, but do no damage.
You punch the ogre, but do no damage.
The ogre is severely wounded.
The ogre misses you.
You closely miss the ogre.
The ogre is severely wounded.
The ogre closely misses you.
You hit the ogre.
The ogre is almost dead.
The ogre hits you with a giant club!
* * * LOW HITPOINT WARNING * * *
You focus on the pain.
You feel agile all of a sudden.
You barely miss the ogre. You kick the ogre, but do no damage.
The ogre is almost dead.
The ogre hits you with a giant club!!
You die...

#..).).# ##.....# #....##.#.
##.##### #..'#######'.##.#.
#.# #..#...#...#.#....
###.###### ##..#...#...#...##.
....##...#
###.#.#.......###.##.
######...####.....###._.###
#....
#........)$.#.##.......######.
#...........#O.#...#...#....).
#.......#...#@.#...#...#..####
###....##......'#######'..#
#....###........###.....#
##.#.# #.......#....#####
#.#...........#.####
#.#####.......#.# #.#
#.......#.# ##.# #.......#.#
#..# #.......#.#


You could see an ogre.

Vanquished Creatures
  2 orc priests (D:4)
  An orc wizard (D:4)
  2 worker ants
  4 gnolls (D:3)
  4 adders (D:3)
  An ooze (D:5)
  5 worms
  3 dart slugs
  3 giant geckos
  17 orcs
  3 ball pythons
  2 giant cockroaches (D:4)
  11 goblins
  6 hobgoblins
  4 jackals
  6 kobolds
  3 quokkas
  10 bats
  3 giant newts
  4 rats
94 creatures vanquished.

Notes
Turn   | Place    | Note
--------------------------------------------------------------
     0 | D:1      | Oddball22 the Demonspawn Monk began the quest for the Orb.
     0 | D:1      | Reached XP level 1. HP: 18/18 MP: 1/1
   388 | D:1      | Gained mutation: You have large cloven feet. [demonic ancestry]
   388 | D:1      | Reached XP level 2. HP: 22/24 MP: 2/2
   508 | D:1      | Reached skill level 4 in Unarmed Combat
  1284 | D:2      | Gained mutation: You have a somewhat thin skeletal structure (Dex +2, Stealth). [demonic ancestry]
  1284 | D:2      | Reached XP level 3. HP: 27/29 MP: 3/3
  2103 | D:3      | Gained mutation: Your flesh is heat resistant. [demonic ancestry]
  2103 | D:3      | Reached XP level 4. HP: 33/37 MP: 4/4
  2586 | D:3      | Reached skill level 5 in Unarmed Combat
  2675 | D:3      | Gained mutation: You sometimes gain a little power by taking damage. [demonic ancestry]
  2675 | D:3      | Reached XP level 5. HP: 37/42 MP: 5/5
  2794 | D:3      | You fall through a shaft for 2 floors!
  2794 | D:5      | Entered Level 5 of the Dungeon
  2826 | D:5      | Noticed an ice beast
  2854 | D:5      | Noticed a sky beast
  3076 | D:4      | Noticed an ogre
  3619 | D:4      | Found a sacrificial altar of Ru.
  3641 | D:4      | Became a worshipper of Ru the Awakened
  3646 | D:4      | Gained mutation: Potions and wands are less effective at restoring your health. [Ru sacrifice]
  3866 | D:4      | Gained mutation: You are immune to clouds of flame. [demonic ancestry]
  3866 | D:4      | Reached XP level 6. HP: 12/49 MP: 6/6
  4207 | D:4      | Reached skill level 6 in Unarmed Combat
  4246 | D:4      | Mangled by an ogre

Vault maps used:
D:1:      lightli_arrival_isolated_outpost
D:3:      first_bread
D:4:      nicolae_ru_great_annihilating_truth

Skill      XL: |  1  2  3  4  5  6 |
---------------+-------------------+-----
Unarmed Combat | 4 5 6 |  6.0
Fighting       | 4 |  4.8
Dodging        | |  2.6
Stealth        | |  1.7

Action                   |  1- 3 |  4- 6 || total
-------------------------+-------+-------++-------
Melee: Unarmed           |    56 |       ||    56
       Short sword       |    77 |   188 ||   265
Invok: Sacrifice Purity  |       |     1 ||     1
  Use: Potion            |       |     4 ||     4
       Scroll            |       |     1 ||     1
 Stab: Sleeping          |     2 |     3 ||     5
       Distracted        |     1 |       ||     1
       Paralysed         |       |     2 ||     2
  Eat: Chunk             |     4 |     7 ||    11
